 Dungeon Crawl Stone Soup version 0.30-a0-756-gc2185399d4 (console) character file.

Game seed: 8653011632204899471

2321 rlgrobin the Geomancer (level 9, -1/63 HPs)
             Began as a Demonspawn Wanderer on Feb 9, 2023.
             Shot with a sling bullet by Joseph (11 damage)
             ... on level 7 of the Dungeon.
             The game lasted 00:15:28 (6569 turns).

rlgrobin the Geomancer (Demonspawn Wanderer)        Turns: 6569, Time: 00:15:29

Health: -1/63      AC:  7    Str: 14    XL:     9   Next: 19%
Magic:  20/24      EV: 18    Int: 16    God:
Gold:   295        SH:  4    Dex: 13    Spells: 12/16 levels left

rFire   . . .      SeeInvis .    a - +1 short sword (drain)
rCold   . . .      Faith    .    (no shield)
rNeg    . . .      Spirit   .    F - +2 steam dragon scales
rPois   .          Reflect  .    (no helmet)
rElec   .          Harm     .    (no cloak)
rCorr   .          Rampage  .    (no gloves)
Will    .....                    (no boots)
Stlth   ++                       (no amulet)
HPRegen 0.30/turn                l - ring of magical power
MPRegen 0.38/turn                r - +5 ring of evasion

@: no status effects
A: large bone plates 1, ignite blood 2, magic regeneration
a: no special abilities


You were on level 7 of the Dungeon.
You visited 1 branch of the dungeon, and saw 7 of its levels.

You collected 295 gold pieces.

Inventory:

Hand Weapons
 a - a +1 short sword of draining (weapon)
Missiles
 g - 3 throwing nets
 m - 7 poisoned darts
 D - 6 curare-tipped darts
Armour
 x - the +6 scale mail of the Gate {Int+6}
   (You found it on level 5 of the Dungeon)

   Int:       It affects your intelligence (+6).
 F - +2 steam dragon scales (worn)
Jewellery
 d - a ring of ice
 l - a ring of magical power (left hand)
 p - an amulet of faith
 r - a +5 ring of evasion (right hand)
 v - a ring of magical power
 B - a +6 ring of intelligence
Wands
 w - a wand of flame (5)
Scrolls
 c - 3 scrolls of teleportation
 e - a scroll of fog
 i - 3 scrolls of identify {unknown}
 n - a scroll of immolation {unknown}
 y - 2 scrolls of magic mapping {unknown}
 z - 2 scrolls of noise {unknown}
Potions
 b - 2 potions of attraction
 f - 2 potions of degeneration {unknown}
 h - 2 potions of might
 j - a potion of magic {unknown}
 k - 2 potions of ambrosia {unknown}
 o - 2 potions of berserk rage {unknown}
 q - 4 potions of curing {unknown}
 s - 2 potions of cancellation {unknown}
 t - 2 potions of mutation {unknown}
 u - 2 potions of lignification {unknown}
 A - a potion of haste {unknown}
 C - a potion of brilliance {unknown}
 E - a potion of flight {unknown}


   Skills:
 - Level 3.0 Fighting
 - Level 1.0 Armour
 - Level 4.5 Dodging
 - Level 3.1 Stealth
 + Level 4.2 Spellcasting
 - Level 3.9 Conjurations
 + Level 8.5 Earth Magic
 - Level 1.0 Evocations


You had 12 spell levels left.
You knew the following spells:

 Your Spells              Type           Power      Damage    Failure   Level
a - Sandblast             Erth           60%        2d14      1%          1
b - Stone Arrow           Conj/Erth      46%        3d9       3%          3

Your spell library contained the following spells:

 Spells                   Type           Power      Damage    Failure   Level
 Passwall                 Tmut/Erth      13%        N/A       4%          2
 Apportation              Tloc           6%         N/A       17%         1
 Necrotise                Necr           12%        1d4       17%         1
 Summon Small Mammal      Summ           12%        N/A       17%         1
 Dazzling Flash           Conj/Hex       18%        N/A       22%         3
 Lesser Beckoning         Tloc           6%         N/A       26%         2
 Gell's Gravitas          Tloc           3%         N/A       45%         3
 Teleport Other           Tloc           3%         N/A       45%         3
 Vampiric Draining        Necr           3%         2d6       45%         3
 Iskenderun's Mystic Bla  Conj/Tloc      9%         2d4       58%         4
 Anguish                  Hex/Necr       1%         N/A       86%         4
 Agony                    Necr           3%         N/A       99%         5
 Metabolic Englaciation   Hex/Ice        1%         N/A       99%         5
 Starburst                Conj/Fire      4%         6d4       100%        6
 Enfeeble                 Hex            1%         N/A       100%        7


Dungeon Overview and Level Annotations

Branches:
Dungeon (7/15)
 Temple: D:4-7

Altars:
Ashenzari
Gozag
Makhleb
Vehumet
Xom
Yredelemnul

Shops:
D:3 ?

Annotations:
D:3 Sigmund, Terence
D:4 Grinder
D:7 Joseph, Prince Ribbit


Innate Abilities, Weirdness & Mutations

You are partially covered in large bone plates. (SH +4)
Your demonic aura often causes spilled blood to erupt in flames.
You regenerate magic rapidly.


Message History

Aiming: Stone Arrow (dangerous; 4% risk of failure)
Press: ? - help, Shift-Dir - straight line, f - you That beam is likely to hit you.
Continue anyway?
Okay, then.
Unknown command.
Casting: Stone Arrow (dangerous; 4% risk of failure)
Confirm with . or Enter, or press ? or * to list all spells.
Aiming: Stone Arrow (dangerous; 4% risk of failure)
Press: ? - help, Shift-Dir - straight line, f - ice beast
Aim: an ice beast (71% to hit)
The stone arrow hits the ice beast!
The ice beast is heavily wounded.
Casting: Stone Arrow (dangerous; 4% risk of failure)
Confirm with . or Enter, or press ? or * to list all spells.
Aiming: Stone Arrow (dangerous; 4% risk of failure)
Press: ? - help, Shift-Dir - straight line, f/p - ice beast
Aim: an ice beast (heavily wounded, 71% to hit)
The stone arrow misses the ice beast.
Casting: Stone Arrow (dangerous; 4% risk of failure)
Confirm with . or Enter, or press ? or * to list all spells.
Aiming: Stone Arrow (dangerous; 4% risk of failure)
Press: ? - help, Shift-Dir - straight line, f/p - ice beast
Aim: an ice beast (heavily wounded, 71% to hit)
The stone arrow hits the ice beast!
You kill the ice beast!
You start resting.
Joseph, a Mercenary comes into view.
He is wielding a +0 quarterstaff.
Joseph is nearby!
Joseph unwields a +0 quarterstaff.
Joseph wields a +2 sling of electrocution.
You hear the crackle of electricity.
Joseph shoots a sling bullet.
The sling bullet hits you!
Found 3 silver javelins.
Found 17 gold pieces.
The sentinel's mark upon you fades away.
Prince Ribbit comes into view.
Joseph shoots a sling bullet.
The sling bullet hits you!
You are electrocuted!!
* * * LOW HITPOINT WARNING * * *
Joseph shoots a sling bullet.
The sling bullet hits you!
You die...

#....+ #....## #.....# #.....#
#...# #...$.# ...+....# #.(...#
...#....#
##+##...§.####+###..#....#
#.........○@§....#..#....###
+.........§......#..#.......
#................#..#.......
####....F≈≈≈≈≈≈≈≈≈..##'#.......
#........≈.......§.............
#..........#####.≈......#####+#
#......@.≈.#.....§......#......
#........≈.#._.#.≈......'...<..
#........≈.....#.≈.#....#######


You could see Joseph and Prince Ribbit.

Vanquished Creatures
  Maggie (D:6)
  A hornet (D:7)
  A wyvern (D:6)
  Duvessa (D:5)
  An ice beast (D:7)
  A sky beast (D:7)
  A black bear (D:5)
  2 centaurs (D:6)
  A phantom (D:5)
  2 necrophages (D:6)
  4 scorpions
  Dowan (D:4)
  2 howler monkeys (D:4)
  A crimson imp (D:4)
  2 hounds (D:5)
  A jelly (D:5)
  An orc priest (D:3)
  Natasha (thrice) (D:2)
  3 orc wizards (D:6)
  3 iguanas
  5 adders
  11 gnolls
  2 dart slugs
  13 orcs
  An endoplasm (D:2)
  7 goblins
  4 hobgoblins
  2 jackals (D:5)
  9 quokkas
  5 ball pythons
  7 bats
  4 frilled lizards
  14 kobolds
  4 rats
121 creatures vanquished.

Notes
Turn   | Place    | Note
-------+----------+-------------------------------------------
     0 | D:1      | rlgrobin the Demonspawn Wanderer began the quest for the
                  | Orb.
     0 | D:1      | rlgrobin set off with the following items: a +0 club, a
                  | potion of attraction, a scroll of teleportation, a +0 robe,
                  | a scroll of fog; and the following spell memorised:
                  | Sandblast; and the following spells available to memorise:
                  | Passwall, Stone Arrow.
     0 | D:1      | Reached XP level 1. HP: 18/18 MP: 2/2
   289 | D:1      | Reached skill level 3 in Earth Magic
   304 | D:1      | Gained mutation: You regenerate magic rapidly. [demonic
                  | ancestry]
   304 | D:1      | Reached XP level 2. HP: 13/24 MP: 1/4
  1052 | D:2      | Reached XP level 3. HP: 25/29 MP: 5/6
  1243 | D:2      | Noticed Natasha
  1252 | D:2      | Killed Natasha
  1259 | D:2      | Noticed Natasha
  1267 | D:2      | Killed Natasha
  1268 | D:2      | Reached XP level 4. HP: 13/35 MP: 8/8
  1636 | D:2      | Noticed Natasha
  1641 | D:2      | Killed Natasha
  1642 | D:2      | Reached skill level 4 in Earth Magic
  2176 | D:3      | Reached XP level 5. HP: 38/41 MP: 9/9
  2228 | D:3      | Found Wott's Magic Scroll Shop.
  2302 | D:3      | Learned a level 3 spell: Stone Arrow
  2455 | D:3      | Noticed Terence
  2661 | D:3      | Noticed Sigmund
  2813 | D:4      | Noticed Grinder
  2899 | D:4      | Reached skill level 1 in Conjurations
  3302 | D:4      | Reached XP level 6. HP: 44/47 MP: 11/11
  3304 | D:4      | Reached skill level 5 in Earth Magic
  3365 | D:4      | Paralysed by Grinder for 3 turns
  3564 | D:4      | Found a shimmering altar of Xom.
  3565 | D:4      | Found a burning altar of Makhleb.
  3681 | D:5      | Entered Level 5 of the Dungeon
  3874 | D:5      | Gained mutation: Your demonic aura sometimes causes spilled
                  | blood to erupt in flames. [demonic ancestry]
  3874 | D:5      | Reached XP level 7. HP: 52/52 MP: 12/12
  3890 | D:5      | Found a radiant altar of Vehumet.
  4034 | D:5      | Identified the +6 scale mail of the Gate {Int+6}
  4247 | D:5      | Found a basalt altar of Yredelemnul.
  4434 | D:5      | Reached skill level 1 in Stealth
  4434 | D:5      | Reached skill level 6 in Earth Magic
  4473 | D:5      | Noticed Duvessa
  4475 | D:5      | Noticed Dowan
  4495 | D:5      | Killed Duvessa
  4500 | D:4      | Killed Dowan
  4646 | D:5      | Gained mutation: You are partially covered in large bone
                  | plates. (SH +4) [demonic ancestry]
  4646 | D:5      | Reached XP level 8. HP: 48/58 MP: 9/13
  4919 | D:6      | Reached skill level 7 in Earth Magic
  4959 | D:6      | Got Aschuno's Octavo of Earthen Doom
  5949 | D:6      | Found an opulent altar of Gozag.
  6105 | D:6      | Noticed Maggie
  6114 | D:6      | Killed Maggie
  6115 | D:6      | Reached skill level 8 in Earth Magic
  6437 | D:7      | Found a broken altar of Ashenzari.
  6478 | D:7      | Noticed a hornet
  6481 | D:7      | Killed a hornet
  6482 | D:7      | Gained mutation: Your demonic aura often causes spilled
                  | blood to erupt in flames. [demonic ancestry]
  6482 | D:7      | Reached XP level 9. HP: 63/63 MP: 14/14
  6557 | D:7      | Noticed Joseph
  6565 | D:7      | Noticed Prince Ribbit
  6569 | D:7      | Shot with a sling bullet by Joseph

Illustrated notes

Levels and vault maps discovered:
D:1:      minmay_arrival_four_circles, layout_basic, minmay_misc_feat_rows
D:2:      layout_basic, uniq_natasha
D:3:      layout_basic, serial_shops, nicolae_shop_hallway_stairs,
          kennysheep_nondescript, uniq_sigmund, uniq_terence
D:4:      layout_basic, grunt_temple_overflow_champion_of_chaos, uniq_grinder
D:5:      layout_cave_pods, overflow_temple_1_default, vehumet_altar_wand_db,
          uniq_duvessa
D:6:      layout_layer_cave, lemuel_coloured_pillars_altar, uniq_maggie
D:7:      layout_gridville, mainiacjoe_overflow_brackets,
          minmay_temple_entry_water_ring, lemuel_flamethrower_2,
          uniq_prince_ribbit1, uniq_crazy_yiuf_cottage, uniq_joseph

Skill      XL: |  1  2  3  4  5  6  7  8  9 |
---------------+----------------------------+-----
Earth Magic    | 3 4 5 6 8 |  8.5
Spellcasting   | 2 3 4 |  4.2
Conjurations   | 2 3 |  3.9
Stealth        | 3 |  3.1
Dodging        | 4 |  4.5
Fighting       | |  3.0
Armour         | |  1.0
Evocations     | |  1.0

Action                     |  1- 3 |  4- 6 |  7- 9 || total
---------------------------+-------+-------+-------++-------
  Melee: Club              |    16 |       |       ||    16
         Short sword       |       |    55 |    53 ||   108
         Punch             |       |     2 |     2 ||     4
  Throw: Dart              |       |       |     2 ||     2
   Cast: Sandblast         |    45 |    70 |    22 ||   137
         Stone Arrow       |       |     5 |    43 ||    48
  Evoke: Wand              |       |       |     4 ||     4
    Use: Scroll            |       |     2 |       ||     2
         Potion            |       |       |     1 ||     1
   Stab: Sleeping          |       |     1 |     1 ||     2
 Armour: Robe              |     7 |     3 |    10 ||    20
         Steam dragon scal |       |       |     3 ||     3
  Dodge: Dodged            |    34 |    60 |    61 ||   155
  Block: Other             |       |       |    10 ||    10

Table legend: (Time is in decaauts)
 A = Elapsed time spent in this place.
 B = Non-inter-level travel time spent in this place.
 C = Inter-level travel time spent in this place.
 D = Time resting spent in this place.
 E = Time spent auto-exploring this place.
 F = Levels seen in this place.
 G = Mean time per level.
                   A        B        C        D        E       F      G
               +--------+--------+--------+--------+--------+-----+--------+
         Total |   6635 |   6344 |    291 |   1024 |   4178 |   7 |  947.9 |
       Dungeon |   6635 |   6344 |    291 |   1024 |   4178 |   7 |  947.9 |
               +--------+--------+--------+--------+--------+-----+--------+

Top non-repeatable levels by time:
     D:6: 1586 daAuts
     D:2: 1154 daAuts
     D:5: 1090 daAuts
     D:4: 953 daAuts
     D:3: 927 daAuts
     D:1: 761 daAuts
     D:7: 161 daAuts
